SNL (28 & UNDER)
MONTGOMERY BISCUITS @ KEY WEST BARRACUDAS
07/27/2029
 
TOP OF THE 1ST
Montgomery Biscuits batting - Pitching for Key West Barracudas : RHP Kade Coleman
Pitching: RHP Kade Coleman
Batting: RHB Frederick Curtis 0-0: Ball
1-0: Reached on error, E2 (Groundball, 13S)
Batting: RHB Reinaldo Amarante 0-0: Ball
1-0: Ball
2-0: Ball
3-0: Called Strike
3-1: Base on Balls
Batting: SHB Randy Anderson 0-0: Called Strike
0-1: Swinging Strike
0-2: Ball
1-2: Ball
2-2: Ball
3-2: Base on Balls
Frederick Curtis to third
Reinaldo Amarante to second
Batting: SHB Marvin López 0-0: Ball
1-0: GRAND SLAM HOME RUN (Flyball, 9D), Distance : 393 ft
Batting: SHB Wilson Bray 0-0: Called Strike
0-1: Ball
1-1: Ball
2-1: Foul Ball, location: 2F
2-2: Strikes out looking
Batting: RHB Bob McDonald 0-0: Ball
1-0: Foul Ball, location: 2F
1-1: Foul Ball, location: 2F
1-2: Ball
2-2: SINGLE (Flyball, 7S)
Batting: SHB Pancho Ruíz 0-0: Ball
1-0: Ball
2-0: Fly out, F9 (Flyball, 89S)
Batting: SHB Lawrence Farley 0-0: Called Strike
0-1: Called Strike
Bob McDonald steals 2nd base
0-2: Strikes out swinging
Top of the 1st over - 4 runs, 2 hits, 1 error, 1 left on base; Montgomery 4 - Key West 0
BOTTOM OF THE 1ST
Key West Barracudas batting - Pitching for Montgomery Biscuits : LHP Orlando Costa
Pitching: LHP Orlando Costa
Batting: SHB Luis Manuel López 0-0: Foul Ball, location: 2F
0-1: Foul Ball, location: 2F
0-2: Foul Ball, location: 2F
0-2: Foul Ball, location: 2F
0-2: Strikes out looking
Batting: RHB Chris Adams 0-0: Ball
1-0: Called Strike
1-1: Called Strike
1-2: Strikes out looking
Batting: SHB José Espinoza 0-0: Ball
1-0: Foul Ball, location: 2F
1-1: Swinging Strike
1-2: Strikes out swinging
Bottom of the 1st over - 0 runs, 0 hits, 0 errors, 0 left on base; Montgomery 4 - Key West 0
TOP OF THE 2ND
Montgomery Biscuits batting - Pitching for Key West Barracudas : RHP Kade Coleman
Batting: SHB Joe Pierce 0-0: Called Strike
0-1: Foul Ball, location: 2F
0-2: Strikes out looking
Batting: RHB Frederick Curtis 0-0: Ball
1-0: DOUBLE (Flyball, 89D)
Batting: RHB Reinaldo Amarante 0-0: Ball
1-0: Called Strike
1-1: Foul Ball, location: 2F
1-2: Ball
2-2: Strikes out looking
Batting: SHB Randy Anderson 0-0: Ball
1-0: Ball
2-0: Ball
3-0: Base on Balls
Batting: SHB Marvin López 0-0: Ball
1-0: Called Strike
1-1: Ball
2-1: Foul Ball, location: 2F
2-2: Ball
3-2: Base on Balls
Frederick Curtis to third
Randy Anderson to second
Batting: SHB Wilson Bray 0-0: Swinging Strike
0-1: Ball
1-1: Ball
Wild Pitch!
Frederick Curtis scores
Randy Anderson to third
Marvin López to second
2-1: Foul Ball, location: 2F
2-2: Strikes out swinging
Top of the 2nd over - 1 run, 1 hit, 0 errors, 2 left on base; Montgomery 5 - Key West 0
BOTTOM OF THE 2ND
Key West Barracudas batting - Pitching for Montgomery Biscuits : LHP Orlando Costa
Batting: SHB Héctor Jiménez 0-0: Ball
1-0: Ball
2-0: Called Strike
2-1: Called Strike
2-2: Ball
3-2: Strikes out swinging
Batting: SHB Júlio Ayala 0-0: Ball
1-0: Ball
2-0: Foul Ball, location: 2F
2-1: Ball
3-1: Swinging Strike
3-2: Foul Ball, location: 2F
3-2: Strikes out swinging
Batting: SHB Jacob Knapp 0-0: Ball
1-0: Ball
2-0: Ball
3-0: Called Strike
3-1: Called Strike
3-2: Strikes out swinging
Bottom of the 2nd over - 0 runs, 0 hits, 0 errors, 0 left on base; Montgomery 5 - Key West 0
TOP OF THE 3RD
Montgomery Biscuits batting - Pitching for Key West Barracudas : RHP Kade Coleman
Batting: RHB Bob McDonald 0-0: Ball
1-0: Ball
2-0: SINGLE (Line Drive, 9S)
Batting: SHB Pancho Ruíz 0-0: Ball
1-0: SINGLE (Groundball, 56D)
Bob McDonald to second
Batting: SHB Lawrence Farley 0-0: Foul Ball, location: 2F
0-1: Ball
1-1: Ball
2-1: Ball
3-1: Base on Balls
Bob McDonald to third
Pancho Ruíz to second
Batting: SHB Joe Pierce 0-0: SINGLE (Line Drive, 4D)
Bob McDonald scores
Pancho Ruíz to third
Lawrence Farley to second
Batting: RHB Frederick Curtis 0-0: Ball
1-0: Ball
2-0: Ball
3-0: Base on Balls
Pancho Ruíz scores
Lawrence Farley to third
Joe Pierce to second
Batting: RHB Reinaldo Amarante 0-0: SINGLE (Line Drive, 34)
Lawrence Farley scores
Joe Pierce to third
Frederick Curtis to second
Runner from 3rd tries for Home, SAFE, throw made home
Batting: SHB Randy Anderson 0-0: Ball
1-0: Called Strike
1-1: Swinging Strike
1-2: Strikes out swinging
Batting: SHB Marvin López 0-0: Ball
1-0: Called Strike
Frederick Curtis steals 3rd base
1-1: Called Strike
1-2: Ball
2-2: Fly out, F5 (Line Drive, 5)
Batting: SHB Wilson Bray 0-0: Ball
Wild Pitch!
Frederick Curtis scores
Reinaldo Amarante to second
1-0: Called Strike
1-1: Ball
2-1: Ball
3-1: Base on Balls
Batting: RHB Bob McDonald 0-0: Ball
1-0: Called Strike
1-1: Ball
2-1: Ball
3-1: Foul Ball, location: 2F
3-2: SINGLE (Groundball, 56D)
Reinaldo Amarante to third
Wilson Bray to second
Reinaldo Amarante scores
Wilson Bray to third
Batting: SHB Pancho Ruíz 0-0: Called Strike
0-1: Called Strike
0-2: Foul Ball, location: 2F
0-2: Ball
1-2: Foul Ball, location: 2F
1-2: SINGLE (Flyball, 78M)
Wilson Bray scores
Bob McDonald to second
Runner from 2nd tries for 3rd, OUT!
Top of the 3rd over - 7 runs, 6 hits, 0 errors, 1 left on base; Montgomery 12 - Key West 0
BOTTOM OF THE 3RD
Key West Barracudas batting - Pitching for Montgomery Biscuits : LHP Orlando Costa
Batting: LHB Motoki Hirata 0-0: Foul Ball, location: 2F
0-1: SOLO HOME RUN (Flyball, 9LD), Distance : 344 ft
Batting: LHB Mauro Díaz 0-0: Called Strike
0-1: Ball
1-1: Ball
2-1: Ball
3-1: Swinging Strike
3-2: Foul Ball, location: 2F
3-2: Base on Balls
Batting: LHB Juan Lima 0-0: Ball
1-0: Ball
2-0: Called Strike
2-1: Ball
3-1: Base on Balls
Mauro Díaz to second
Batting: SHB Luis Manuel López 0-0: Called Strike
0-1: Ball
1-1: SINGLE (Line Drive, 89S)
Mauro Díaz to third
Juan Lima to second
Runner from 3rd tries for Home, SAFE, no throw
Batting: RHB Chris Adams 0-0: Foul Ball, location: 2F
0-1: Grounds into double play, 6-4-3 (Groundball, 6)
Juan Lima to third
Batting: SHB José Espinoza 0-0: Ball
1-0: Ball
2-0: Ball
3-0: Called Strike
3-1: Base on Balls
Batting: SHB Héctor Jiménez 0-0: Ball
1-0: Called Strike
1-1: Ball
2-1: Fly out, F7 (Flyball, 7)
Bottom of the 3rd over - 2 runs, 2 hits, 0 errors, 2 left on base; Montgomery 12 - Key West 2
TOP OF THE 4TH
Montgomery Biscuits batting - Pitching for Key West Barracudas : RHP Kade Coleman
Now in LF: Motoki Hirata
Batting: SHB Lawrence Farley 0-0: Foul Ball, location: 2F
0-1: Foul Ball, location: 2F
0-2: Ball
1-2: DOUBLE (Line Drive, 89D)
Batting: SHB Joe Pierce 0-0: Ball
1-0: Ball
2-0: Ball
3-0: Base on Balls
Pitching: RHP Sean Flynn
Batting: RHB Frederick Curtis 0-0: Swinging Strike
0-1: Ball
1-1: Swinging Strike
1-2: Ball
2-2: Ball
3-2: Base on Balls
Lawrence Farley to third
Joe Pierce to second
Batting: RHB Reinaldo Amarante 0-0: Ball
1-0: Ball
2-0: Foul Ball, location: 2F
2-1: Foul Ball, location: 2F
2-2: Strikes out swinging
Batting: SHB Randy Anderson 0-0: Ball
1-0: TRIPLE (Flyball, 78XD)
Lawrence Farley scores
Joe Pierce scores
Frederick Curtis scores
Batting: SHB Marvin López 0-0: Foul Ball, location: 2F
0-1: Ball
1-1: Ball
2-1: SINGLE (Groundball, 34D)
Randy Anderson scores
Batting: SHB Wilson Bray 0-0: Ball
1-0: Called Strike
1-1: Ball
2-1: Foul Ball, location: 2F
2-2: Strikes out swinging
Batting: RHB Bob McDonald 0-0: Ball
1-0: SINGLE (Groundball, 56D)
Marvin López to second
Batting: SHB Pancho Ruíz 0-0: Called Strike
0-1: Ball
1-1: Swinging Strike
1-2: Ball
2-2: Foul Ball, location: 2F
2-2: Ground out 4-3 (Groundball, 4D)
Top of the 4th over - 4 runs, 4 hits, 0 errors, 2 left on base; Montgomery 16 - Key West 2
BOTTOM OF THE 4TH
Key West Barracudas batting - Pitching for Montgomery Biscuits : LHP Orlando Costa
Batting: SHB Júlio Ayala 0-0: Called Strike
0-1: Called Strike
0-2: Strikes out swinging
Batting: SHB Jacob Knapp 0-0: Ball
1-0: Ball
2-0: Fly out, F6 (Line Drive, 6)
Batting: LHB Motoki Hirata 0-0: Ball
1-0: Fly out, F7 (Flyball, 7)
Bottom of the 4th over - 0 runs, 0 hits, 0 errors, 0 left on base; Montgomery 16 - Key West 2
TOP OF THE 5TH
Montgomery Biscuits batting - Pitching for Key West Barracudas : RHP Sean Flynn
Batting: SHB Lawrence Farley 0-0: Called Strike
0-1: Swinging Strike
0-2: Strikes out looking
Batting: SHB Joe Pierce 0-0: Ball
1-0: Ground out 4-3 (Groundball, 4)
Batting: RHB Frederick Curtis 0-0: Called Strike
0-1: Foul Ball, location: 2F
0-2: Ball
1-2: Ball
2-2: Ball
3-2: Strikes out looking
Top of the 5th over - 0 runs, 0 hits, 0 errors, 0 left on base; Montgomery 16 - Key West 2
BOTTOM OF THE 5TH
Key West Barracudas batting - Pitching for Montgomery Biscuits : LHP Orlando Costa
Batting: LHB Mauro Díaz 0-0: Called Strike
0-1: Ball
1-1: DOUBLE (Groundball, 3L)
Batting: LHB Juan Lima 0-0: Foul Ball, location: 2F
0-1: Foul Ball, location: 2F
0-2: Ground out 4-3 (Groundball, 34D)
Mauro Díaz to third
Batting: SHB Luis Manuel López 0-0: DOUBLE (Flyball, 89D)
Mauro Díaz scores
Batting: RHB Chris Adams 0-0: Ball
1-0: Called Strike
1-1: SINGLE (Groundball, 6MD)
Luis Manuel López to third
Runner from 3rd tries for Home, SAFE, no throw
Batting: SHB José Espinoza 0-0: Foul Ball, location: 2F
0-1: Ball
1-1: Foul Ball, location: 2F
1-2: Strikes out swinging
Batting: SHB Héctor Jiménez 0-0: Ball
1-0: Called Strike
1-1: Called Strike
1-2: Strikes out looking
Bottom of the 5th over - 2 runs, 3 hits, 0 errors, 1 left on base; Montgomery 16 - Key West 4
TOP OF THE 6TH
Montgomery Biscuits batting - Pitching for Key West Barracudas : RHP Sean Flynn
Batting: RHB Reinaldo Amarante 0-0: Ball
1-0: Swinging Strike
1-1: Foul Ball, location: 2F
1-2: Foul Ball, location: 2F
1-2: Fly out, F7 (Line Drive, 78D)
Batting: SHB Randy Anderson 0-0: Called Strike
0-1: Ball
1-1: Ball
2-1: Swinging Strike
2-2: Strikes out swinging
Batting: SHB Marvin López 0-0: Called Strike
0-1: Foul Ball, location: 2F
0-2: Foul Ball, location: 2F
0-2: Ball
1-2: Ball
2-2: SINGLE (Line Drive, 6M)
Batting: SHB Wilson Bray 0-0: Ball
1-0: Ball
2-0: Ball
3-0: Foul Ball, location: 2F
3-1: Base on Balls
Marvin López to second
Batting: RHB Bob McDonald 0-0: SINGLE (Line Drive, 8RS)
Marvin López to third
Wilson Bray to second
Runner from 3rd tries for Home, SAFE, throw made home
Batting: SHB Pancho Ruíz 0-0: Called Strike
0-1: Ball
1-1: Ball
2-1: Foul Ball, location: 2F
2-2: Ball
3-2: Foul Ball, location: 2F
3-2: Base on Balls
Wilson Bray to third
Bob McDonald to second
Batting: SHB Lawrence Farley 0-0: Foul Ball, location: 2F
0-1: Ball
1-1: Ball
2-1: Ball
3-1: Called Strike
3-2: GRAND SLAM HOME RUN (Flyball, 9LD), Distance : 357 ft
Pitching: RHP Dennis Grange
Batting: SHB Joe Pierce 0-0: Ball
1-0: Ball
2-0: Ball
3-0: Called Strike
3-1: Ground out 1-3 (Groundball, 13)
Top of the 6th over - 5 runs, 3 hits, 0 errors, 0 left on base; Montgomery 21 - Key West 4
BOTTOM OF THE 6TH
Key West Barracudas batting - Pitching for Montgomery Biscuits : LHP Orlando Costa
Batting: SHB Júlio Ayala 0-0: Foul Ball, location: 2F
0-1: Foul Ball, location: 2F
0-2: Ground out 5-3 (Groundball, 5)
Batting: SHB Jacob Knapp 0-0: Called Strike
0-1: Foul Ball, location: 2F
0-2: Foul Ball, location: 2F
0-2: Foul Ball, location: 2F
0-2: Hit by Pitch
Pinch Hitting: RHB Wilson Metherall 0-0: Ball
1-0: Called Strike
1-1: Ball
2-1: SINGLE (Flyball, 7S)
Jacob Knapp to second
Batting: LHB Mauro Díaz 0-0: Foul Ball, location: 2F
0-1: Foul Ball, location: 2F
0-2: Ball
1-2: Hit by Pitch
Jacob Knapp to third
Wilson Metherall to second
Batting: LHB Juan Lima 0-0: Ball
1-0: Called Strike
1-1: Ball
2-1: Swinging Strike
2-2: Ball
3-2: Strikes out swinging
Batting: SHB Luis Manuel López 0-0: SINGLE (Line Drive, 9S)
Jacob Knapp scores
Wilson Metherall to third
Mauro Díaz to second
Runner from 3rd tries for Home, SAFE, no throw
Batting: RHB Chris Adams 0-0: Foul Ball, location: 2F
0-1: Ball
1-1: Ball
2-1: Called Strike
2-2: Strikes out swinging
Bottom of the 6th over - 2 runs, 2 hits, 0 errors, 2 left on base; Montgomery 21 - Key West 6
TOP OF THE 7TH
Montgomery Biscuits batting - Pitching for Key West Barracudas : RHP Dennis Grange
Now in LF: Jorge Hernández
Batting: RHB Frederick Curtis 0-0: Called Strike
0-1: Called Strike
0-2: Ball
1-2: Strikes out swinging
Batting: RHB Reinaldo Amarante 0-0: Called Strike
0-1: Ball
1-1: Ball
2-1: Called Strike
2-2: Ball
3-2: Base on Balls
Batting: SHB Randy Anderson 0-0: DOUBLE (Groundball, 3L)
Reinaldo Amarante to third
Batting: SHB Marvin López 0-0: Called Strike
0-1: Foul Ball, location: 2F
0-2: Ball
1-2: Strikes out swinging
Batting: SHB Wilson Bray 0-0: Ball
1-0: Ball
2-0: Swinging Strike
2-1: Foul Ball, location: 2F
2-2: Foul Ball, location: 2F
2-2: Strikes out swinging
Top of the 7th over - 0 runs, 1 hit, 0 errors, 2 left on base; Montgomery 21 - Key West 6
BOTTOM OF THE 7TH
Key West Barracudas batting - Pitching for Montgomery Biscuits : LHP Orlando Costa
Now at 1B: Kenneth Cruz
Batting: SHB José Espinoza 0-0: Called Strike
0-1: Ball
1-1: Foul Ball, location: 2F
1-2: Strikes out looking
Batting: SHB Héctor Jiménez 0-0: Ball
1-0: Ball
2-0: Ball
3-0: Called Strike
3-1: Foul Ball, location: 2F
3-2: Strikes out swinging
Batting: SHB Júlio Ayala 0-0: Called Strike
0-1: Called Strike
0-2: Strikes out looking
Bottom of the 7th over - 0 runs, 0 hits, 0 errors, 0 left on base; Montgomery 21 - Key West 6
TOP OF THE 8TH
Montgomery Biscuits batting - Pitching for Key West Barracudas : RHP Dennis Grange
Pinch Hitting: RHB Rusty Downy 0-0: Ball
1-0: Fly out, F7 (Line Drive, 7D)
Batting: SHB Pancho Ruíz 0-0: Ball
1-0: Called Strike
1-1: Ball
2-1: SINGLE (Popup, 5D)
Batting: SHB Lawrence Farley 0-0: Called Strike
0-1: Foul Ball, location: 2F
0-2: Ball
1-2: Foul Ball, location: 2F
1-2: Ball
2-2: Fly out, F7 (Flyball, 7LS)
Batting: SHB Joe Pierce 0-0: Fly out, F8 (Flyball, 89D)
Top of the 8th over - 0 runs, 1 hit, 0 errors, 1 left on base; Montgomery 21 - Key West 6
BOTTOM OF THE 8TH
Key West Barracudas batting - Pitching for Montgomery Biscuits : LHP Orlando Costa
Pitching: RHP Brian Barker
Now in LF: Hoyt Norris
Batting: SHB Jacob Knapp 0-0: Called Strike
0-1: Foul Ball, location: 2F
0-2: Foul Ball, location: 2F
0-2: Foul Ball, location: 2F
0-2: Ground out 4-3 (Groundball, 4)
Batting: RHB Jorge Hernández 0-0: Ball
1-0: SINGLE (Line Drive, 6MD)
Batting: LHB Mauro Díaz 0-0: Ball
1-0: Swinging Strike
1-1: Ball
2-1: Swinging Strike
Passed Ball!
Jorge Hernández to second
2-2: Ground out U3 (Groundball, 3L)
Jorge Hernández to third
Batting: LHB Juan Lima 0-0: Ball
1-0: Ball
2-0: Ball
3-0: Base on Balls
Batting: SHB Luis Manuel López 0-0: Called Strike
0-1: Foul Ball, location: 2F
0-2: DOUBLE (Line Drive, 89D)
Jorge Hernández scores
Juan Lima to third
Runner from 3rd tries for Home, SAFE, no throw
Batting: RHB Chris Adams 0-0: Swinging Strike
0-1: Ball
1-1: Swinging Strike
1-2: Ball
2-2: Ball
3-2: Foul Ball, location: 2F
3-2: Base on Balls
Batting: SHB José Espinoza 0-0: Called Strike
0-1: Ball
1-1: Ball
2-1: Ball
3-1: Base on Balls
Luis Manuel López to third
Chris Adams to second
Batting: SHB Héctor Jiménez 0-0: Foul Ball, location: 2F
0-1: Ball
1-1: Ball
2-1: Fly out, F6 (Line Drive, 56)
Bottom of the 8th over - 2 runs, 2 hits, 0 errors, 3 left on base; Montgomery 21 - Key West 8
TOP OF THE 9TH
Montgomery Biscuits batting - Pitching for Key West Barracudas : RHP Dennis Grange
Batting: RHB Frederick Curtis 0-0: Fly out, F7 (Flyball, 7)
Batting: RHB Reinaldo Amarante 0-0: Called Strike
0-1: Ground out 1-3 (Groundball, P)
Batting: SHB Randy Anderson 0-0: Ball
1-0: Ball
2-0: Swinging Strike
2-1: Foul Ball, location: 2F
2-2: Fly out, F4 (Popup, 34D)
Top of the 9th over - 0 runs, 0 hits, 0 errors, 0 left on base; Montgomery 21 - Key West 8
BOTTOM OF THE 9TH
Key West Barracudas batting - Pitching for Montgomery Biscuits : RHP Brian Barker
Pitching: RHP Enrique Boyd
Batting: SHB Júlio Ayala 0-0: Foul Ball, location: 2F
0-1: Swinging Strike
0-2: Ball
1-2: Strikes out swinging
Batting: SHB Jacob Knapp 0-0: Called Strike
0-1: Foul Ball, location: 2F
0-2: Strikes out swinging
Batting: RHB Jorge Hernández 0-0: SINGLE (Groundball, 34D)
Batting: LHB Mauro Díaz 0-0: Swinging Strike
0-1: Ball
1-1: Ball
2-1: Called Strike
2-2: Foul Ball, location: 2F
Pickoff Throw to First - Error! E1
Jorge Hernández to second
2-2: Foul Ball, location: 2F
2-2: Ball
3-2: Foul Ball, location: 2F
3-2: Strikes out looking
Bottom of the 9th over - 0 runs, 1 hit, 1 error, 1 left on base; Montgomery 21 - Key West 8
Saturday, December 16th, 2017 - OOTP Baseball 18.8 Build 76